 Dungeon Sprint DCSS version 0.31-a0-750-gfe7b580527 (webtiles) character file.

Game seed: 12912093700913375916

24208 rocky1 the Wrestler (level 13, -6/89 (95) HPs)
             Began as an Octopode Shapeshifter on Sept 15, 2023.
             Was an Initiate of Gozag.
             Killed from afar by a vampire mage (39 damage)
             ... with a bolt of negative energy
             ... in the Dungeon (Sprint IX: "|||||||||||||||||||||||||||||").
             The game lasted 00:09:00 (2691 turns).

rocky1 the Wrestler (Octopode Shapeshifter)         Turns: 2691, Time: 00:09:04

HP:   -6/89 (95)    AC:  1    Str: 20    XL:     13   Next: 11%
MP:   13/13         EV: 21    Int: 18    God:    Gozag
Gold: 1156          SH:  0    Dex: 16    Spells: 12/12 levels left

rFire   + .          .
                       - Unarmed
rCold   + . .        (no shield)
rNeg    . . .        (helmet currently unavailable)
rPois   +            h - amulet of the Shrike {RegenMP Fragile Will+++ Regen+ Str+3}
rElec   +            m - +2 ring of evasion
rCorr   +            n - +3 ring of dexterity
SInv    .            l - ring of Avuamp Xuatz {Int+6 Slay+5 Stlth+}
Will    +++..        (no ring)
Stlth   +++++++      (no ring)
HPRegen 1.14/turn    (no ring)
MPRegen 0.53/turn    (no ring)
                     (no ring)

%: no teleportation
@: mighty, beast-form, resistant, flayed, gold aura, hasted, drained, very quick
A: beast (slay +4), almost no armour, amphibious, 8 rings, camouflage 1,
gelatinous body 1, (nimble swimmer 1), tentacles
a: Begin Untransformation, Renounce Religion, Potion Petition, Call Merchant,
Bribe Branch


You were in the Dungeon.
You worshipped Gozag.
Gozag was most pleased with you.
You were a hulking beast.
You visited 1 branch You collected 8179 gold pieces.
You spent 4692 gold pieces at shops.
You paid 2331 gold pieces to Gozag.

Inventory:

Missiles
 f - 6 javelins
Jewellery
 h - the amulet of the Shrike (around mantle) {RegenMP Fragile Will+++ Regen+ Str+3}
   (You bought it in a shop in the Dungeon)

   [amulet of magic regeneration]

   RegenMP:   It increases your rate of magic regeneration.
   Str+3:     It affects your strength (+3).
   Will+++:   It greatly increases your willpower.
   Regen+:    It increases your rate of health regeneration.
   Fragile:   It will be destroyed if unequipped.
 l - the ring of Avuamp Xuatz (on tentacle) {Int+6 Slay+5 Stlth+}
   (You bought it in a shop in the Dungeon)

   [ring of intelligence]

   Int+6:     It affects your intelligence (+6).
   Slay+5:    It affects your accuracy & damage with ranged weapons and melee
   (+5).
   Stlth+:    It makes you more stealthy.
 m - a +2 ring of evasion (left tentacle)
 n - a +3 ring of dexterity (right tentacle)
 p - a ring of protection from cold
 E - a ring of magical power
 F - a ring of fire
 G - a ring of protection from cold
Talismans
 b - a beast talisman (active)
 c - a flux talisman
Scrolls
 e - a scroll of immolation
 i - 6 scrolls of blinking
 k - 6 scrolls of amnesia
 q - 3 scrolls of enchant weapon
 v - 3 scrolls of fear
 y - 3 scrolls of enchant armour
 A - a scroll of poison
 B - a scroll of revelation
 C - a scroll of vulnerability
 D - a scroll of fog
Potions
 a - a potion of lignification
 d - 12 potions of curing
 g - 4 potions of magic
 j - a potion of heal wounds
 o - 3 potions of resistance
 s - 2 potions of berserk rage
 t - 5 potions of brilliance
 u - a potion of cancellation
 w - a potion of might
 x - a potion of mutation
 z - a potion of ambrosia


   Skills:
 * Level 11.6 Fighting
 + Level 10.5 Dodging
 + Level 12.8 Stealth
 * Level 24.3 Unarmed Combat
 - Level 1.0 Evocations
 * Level 14.3 Shapeshifting


You had 12 spell levels left.
You didn't know any spells.
Your spell library was empty.

Dungeon Overview and Level Annotations

Branches:
Dungeon (1/1)

Altars:
Cheibriados
Dithmenos
Elyvilon
Fedhas
Gozag
Hepliaklqana
Kikubaaqudgha
Makhleb
Nemelex Xobeh
Okawaru
Qazlal
Ru
Sif Muna
Trog
Uskayaw
Vehumet
Wu Jian
Xom
Yredelemnul
Zin
The Shining One
Jiyva
Lugonu

Shops:
D *?=


Innate Abilities, Weirdness & Mutations

You are a hulking beast.
Your limbs bulge with bestial killing power. (Slay +4)
You cannot wear most types of armour.
You are amphibious.
You can wear up to eight rings at the same time.
Your skin changes colour to match your surroundings (Stealth+).
Your rubbery body absorbs attacks. (AC +1, EV +1)
((You are camouflaged when in or above water. (Stealth+)))
You have tentacles for arms and can constrict up to eight enemies at once.


Message History

You are covered in liquid flames!
The vampire mage gestures wildly while chanting.
The vampire mage flickers and vanishes!
Deactivating autopickup; reactivate with Ctrl-A.
You hear a deafening roar!
You have reached level 13!
You bludgeon the deep elf pyromancer! You grab the deep elf pyromancer.
You tentacle-slap the deep elf pyromancer!!
The deep elf pyromancer is severely wounded.
You are covered in liquid flames!
You constrict the deep elf pyromancer. You batter the deep elf pyromancer!!
You kill the deep elf pyromancer!
Your Unarmed Combat skill increases to level 24!
You batter the stone giant!!
The stone giant is moderately wounded.
You thrash the stone giant!!! You squeeze the stone giant!!
You kill the stone giant!
An ice dragon comes into view.
The flayed ghost cries, "Suffer as I suffered!"
Terrible wounds spread across more of your body!
The tengu warrior hits you with a +1 great sword of protection.
The tengu warrior pecks you. The tengu warrior claws you!
Things that are here:
324 gold pieces; 4 large rocks; a +0 long sword You bludgeon the tengu warrior!
You grab the tengu warrior. You squeeze the tengu warrior!
The tengu warrior is heavily wounded.
You constrict the tengu warrior, but do no damage.
You batter the tengu warrior!!
You kill the tengu warrior!
The flayed ghost cries, "Feel what I felt!"
Terrible wounds spread across more of your body!
You hear some strange, mumbled words.
A bolt of negative energy appears from out of thin air!
The bolt of negative energy hits the flayed ghost.
The flayed ghost completely resists.
The bolt of negative energy hits you!!!
You feel drained.
You die...
Your body crumbles into a pile of gold.

.......'........)[..'..[[[[..'...
▓▓▓▓▓▓▓▓▓▓▓▓▓▓▓▓▓▓▓▓▓▓▓▓▓▓▓▓▓▓▓▓▓
...............................∩.
▓▓▓▓▓▓▓▓▓▓▓▓▓▓▓▓▓▓▓▓▓▓▓▓▓▓▓▓▓▓▓▓▓
.)))..'))..)∩)∩.∩)∩)))).'........
▓▓▓▓▓▓▓▓▓▓▓▓▓▓▓▓▓▓▓▓▓▓▓▓▓▓▓▓▓▓▓▓▓
.................................
▓▓▓▓▓▓▓▓▓▓▓▓▓▓▓▓▓▓▓▓▓▓▓▓▓▓▓▓▓▓▓▓▓
........'$$$$.$$hW.{QD..
▓▓▓▓▓▓▓▓▓▓▓▓▓▓▓▓▓▓▓▓▓▓▓▓


You could see an ice dragon, a flayed ghost and a tengu warrior.

Vanquished Creatures
  A stone giant (D)
  Josephine (D)
  A fire dragon (D)
  3 hydras (D)
  Erolcha (D)
  A catoblepas (D)
  2 boulder beetles (D)
  A centaur warrior (D)
  A two-headed ogre (D)
  2 tengu warriors (D)
  2 orc high priests (D)
  A lindwurm (D)
  13 orc knights (D)
  An orc sorcerer (D)
  A deep elf pyromancer (D)
  An oklob plant (D)
  An ugly thing (D)
  An elephant (D)
  A black mamba (D)
  3 cane toads (D)
  A rime drake (D)
  4 komodo dragons (D)
  A troll (D)
  2 tyrant leeches (D)
  A blink frog (D)
  2 slime creatures (D)
  A wyvern (D)
  A shadow (D)
  2 yaks (D)
  3 wraiths (D)
  2 basilisks (D)
  An acid dragon (D)
  13 orc warriors (D)
  A centaur (D)
  A bullfrog (D)
  2 hounds (D)
  4 orc priests (D)
  3 orc wizards (D)
  A gnoll (D)
  A white imp (D)
  5 worms (D)
  A dart slug (D)
  6 orcs (D)
  An endoplasm (D)
  A giant cockroach (D)
  A jackal (D)
  A ball python (D)
102 creatures vanquished.

Notes
Turn   | Place    | Note
-------+----------+-------------------------------------------
     0 | D        | rocky1 the Octopode Shapeshifter began the quest for the
                  | Orb.
     0 | D        | Reached XP level 1. HP: 13/13 MP: 1/1
    14 | D        | Reached skill level 4 in Unarmed Combat
    14 | D        | Reached XP level 2. HP: 16/18 MP: 2/2
    25 | D        | Noticed a centaur
    33 | D        | Reached skill level 5 in Unarmed Combat
    33 | D        | Reached XP level 3. HP: 6/23 MP: 3/3
    39 | D        | Killed a centaur
    40 | D        | Reached skill level 6 in Unarmed Combat
    40 | D        | Reached XP level 4. HP: 18/29 MP: 4/4
    40 | D        | Reached XP level 5. HP: 21/34 MP: 5/5
    43 | D        | Reached skill level 7 in Unarmed Combat
   238 | D        | Found a snail-covered altar of Cheibriados.
   238 | D        | Found a shadowy altar of Dithmenos.
   238 | D        | Found a white marble altar of Elyvilon.
   238 | D        | Found a blossoming altar of Fedhas.
   238 | D        | Found an opulent altar of Gozag.
   239 | D        | Found a hazy altar of Hepliaklqana.
   240 | D        | Found a viscous altar of Jiyva.
   241 | D        | Found an ancient bone altar of Kikubaaqudgha.
   242 | D        | Found a corrupted altar of Lugonu.
   243 | D        | Found a burning altar of Makhleb.
   244 | D        | Found a sparkling altar of Nemelex Xobeh.
   245 | D        | Found an iron altar of Okawaru.
   246 | D        | Found a stormy altar of Qazlal.
   248 | D        | Became a worshipper of Gozag Ym Sagoz the Greedy
   250 | D        | Found a sacrificial altar of Ru.
   251 | D        | Found a shimmering blue altar of Sif Muna.
   252 | D        | Found a bloodstained altar of Trog.
   253 | D        | Found a hide-covered altar of Uskayaw.
   254 | D        | Found a radiant altar of Vehumet.
   255 | D        | Found an ornate altar of the Wu Jian Council.
   256 | D        | Found a shimmering altar of Xom.
   257 | D        | Found a basalt altar of Yredelemnul.
   258 | D        | Found a glowing silver altar of Zin.
   259 | D        | Found a glowing golden altar of the Shining One.
   267 | D        | Found the +5 glaive of the Guard {elec, spectral, AC+5}
   285 | D        | Noticed a wyvern
   285 | D        | Noticed an orc warrior
   285 | D        | Noticed an orc warrior
   285 | D        | Noticed an acid dragon
   285 | D        | Noticed a shadow
   293 | D        | Killed a wyvern
   294 | D        | Reached skill level 5 in Dodging
   294 | D        | Reached skill level 9 in Unarmed Combat
   294 | D        | Reached XP level 6. HP: 40/42 MP: 6/6
   298 | D        | Killed a shadow
   298 | D        | Killed an orc warrior
   299 | D        | Reached skill level 1 in Stealth
   299 | D        | Reached skill level 10 in Unarmed Combat
   299 | D        | Reached XP level 7. HP: 15/47 MP: 7/7
   300 | D        | Reached skill level 11 in Unarmed Combat
   302 | D        | Reached skill level 1 in Evocations
   521 | D        | Noticed a komodo dragon
   521 | D        | Noticed a troll
   521 | D        | Noticed a two-headed ogre
   521 | D        | Noticed a brown ugly thing
   521 | D        | Noticed a five-headed hydra
   521 | D        | Noticed a slime creature
   525 | D        | Killed a komodo dragon
   525 | D        | Killed a two-headed ogre
   526 | D        | Reached skill level 5 in Fighting
   526 | D        | Reached skill level 13 in Unarmed Combat
   526 | D        | Reached skill level 10 in Shapeshifting
   526 | D        | Reached XP level 8. HP: 48/55 MP: 8/8
   526 | D        | Killed a troll
   526 | D        | Killed a brown ugly thing
   526 | D        | Killed a slime creature
   527 | D        | Reached skill level 14 in Unarmed Combat
   527 | D        | Reached XP level 9. HP: 54/62 MP: 9/9
   527 | D        | Killed a five-headed hydra
   528 | D        | Reached skill level 15 in Unarmed Combat
   664 | D        | Noticed a komodo dragon
   664 | D        | Noticed a komodo dragon
   664 | D        | Noticed a cane toad
   664 | D        | Noticed an oklob plant
   666 | D        | Killed a komodo dragon
   669 | D        | Killed a komodo dragon
   670 | D        | Reached XP level 10. HP: 69/69 MP: 10/10
   672 | D        | Killed a cane toad
   673 | D        | Reached skill level 16 in Unarmed Combat
   914 | D        | Killed an oklob plant
   924 | D        | Reached skill level 17 in Unarmed Combat
   948 | D        | Noticed a cane toad
   948 | D        | Noticed a six-headed hydra
   948 | D        | Noticed a cane toad
   948 | D        | Noticed an elephant
   949 | D        | Noticed a seven-headed hydra
   951 | D        | Killed a cane toad
   955 | D        | Killed a six-headed hydra
   956 | D        | Noticed a black mamba
   960 | D        | Reached skill level 18 in Unarmed Combat
   961 | D        | Killed a cane toad
   965 | D        | Killed an elephant
   966 | D        | Reached XP level 11. HP: 43/77 MP: 11/11
  1173 | D        | Reached skill level 10 in Dodging
  1181 | D        | Reached skill level 5 in Stealth
  1186 | D        | Killed a seven-headed hydra
  1187 | D        | Reached skill level 19 in Unarmed Combat
  1578 | D        | Noticed a lindwurm
  1596 | D        | Killed a lindwurm
  1800 | D        | Bought the amulet of the Shrike {RegenMP Fragile Will+++
                  | Regen+ Str+3} for 1051 gold pieces
  1800 | D        | Bought the ring of Avuamp Xuatz {Int+6 Slay+5 Stlth+} for
                  | 1068 gold pieces
  1944 | D        | Noticed Erolcha
  1952 | D        | Killed Erolcha
  1961 | D        | Noticed Josephine
  1970 | D        | Killed Josephine
  1971 | D        | Reached skill level 20 in Unarmed Combat
  2177 | D        | Bought a potion of haste for 140 gold pieces
  2177 | D        | Bought a potion of berserk rage for 70 gold pieces
  2177 | D        | Bought a potion of curing for 42 gold pieces
  2177 | D        | Bought a potion of brilliance for 56 gold pieces
  2177 | D        | Bought a potion of cancellation for 112 gold pieces
  2177 | D        | Bought a potion of curing for 42 gold pieces
  2177 | D        | Bought a potion of haste for 140 gold pieces
  2177 | D        | Bought a potion of curing for 42 gold pieces
  2192 | D        | Noticed an orc knight
  2192 | D        | Noticed an orc high priest
  2192 | D        | Noticed an orc knight
  2192 | D        | Noticed an orc knight
  2195 | D        | Killed an orc knight
  2196 | D        | Noticed an orc high priest
  2199 | D        | Killed an orc high priest
  2205 | D        | Killed an orc knight
  2206 | D        | Reached skill level 21 in Unarmed Combat
  2208 | D        | Noticed an orc sorcerer
  2209 | D        | Killed an orc knight
  2214 | D        | Noticed an orc knight
  2219 | D        | Reached XP level 12. HP: 58/84 MP: 12/12
  2221 | D        | Killed an orc high priest
  2226 | D        | Reached skill level 10 in Fighting
  2289 | D        | Found Baotob Bihy's Assorted Antiques.
  2294 | D        | Reached skill level 22 in Unarmed Combat
  2294 | D        | Found Xiocs's Distillery.
  2306 | D        | Found Feericae's Magic Scroll Emporium.
  2310 | D        | Found Puwn's Magic Scroll Shoppe.
  2315 | D        | Reached skill level 10 in Stealth
  2481 | D        | Bought a scroll labelled PEP LOCKOYVA for 25 gold pieces
  2481 | D        | Bought a scroll labelled SOIJ QA VUCLEC for 25 gold pieces
  2481 | D        | Bought 2 potions of brilliance for 200 gold pieces
  2481 | D        | Bought a scroll of identify for 50 gold pieces
  2481 | D        | Bought a potion of resistance for 250 gold pieces
  2481 | D        | Bought a sedimented white potion for 22 gold pieces
  2483 | D        | Bought a potion of curing for 33 gold pieces
  2483 | D        | Bought a potion of mutation for 88 gold pieces
  2483 | D        | Bought a potion of resistance for 110 gold pieces
  2483 | D        | Bought a potion of might for 44 gold pieces
  2483 | D        | Bought a potion of resistance for 110 gold pieces
  2483 | D        | Bought a potion of ambrosia for 88 gold pieces
  2483 | D        | Bought a potion of brilliance for 44 gold pieces
  2483 | D        | Bought a potion of curing for 33 gold pieces
  2485 | D        | Bought 2 scrolls of amnesia for 104 gold pieces
  2485 | D        | Bought a scroll of identify for 26 gold pieces
  2485 | D        | Bought a scroll of blinking for 97 gold pieces
  2485 | D        | Bought a scroll of blinking for 97 gold pieces
  2485 | D        | Bought a scroll of fear for 52 gold pieces
  2485 | D        | Bought a scroll of amnesia for 52 gold pieces
  2485 | D        | Bought a scroll of enchant armour for 97 gold pieces
  2487 | D        | Bought a scroll of poison for 48 gold pieces
  2487 | D        | Bought a scroll of revelation for 90 gold pieces
  2487 | D        | Bought a scroll of vulnerability for 48 gold pieces
  2487 | D        | Bought a scroll of fog for 48 gold pieces
  2487 | D        | Bought a scroll of amnesia for 48 gold pieces
  2592 | D        | Found the +8 lance "Wyrmbane" {slay drac, rPois rF+ rC+
                  | AC+3}
  2643 | D        | Noticed a centaur warrior
  2643 | D        | Noticed a boulder beetle
  2643 | D        | Noticed a tengu warrior
  2643 | D        | Noticed a boulder beetle
  2647 | D        | Noticed a catoblepas
  2648 | D        | Killed a centaur warrior
  2649 | D        | Reached skill level 23 in Unarmed Combat
  2649 | D        | Noticed a fire dragon
  2655 | D        | Killed a boulder beetle
  2659 | D        | Killed a tengu warrior
  2662 | D        | Noticed a tengu warrior
  2665 | D        | Noticed a stone giant
  2671 | D        | Killed a boulder beetle
  2675 | D        | Noticed a vampire mage
  2678 | D        | Killed a catoblepas
  2679 | D        | Noticed a tengu warrior
  2683 | D        | Killed a fire dragon
  2684 | D        | Reached XP level 13. HP: 66/95 MP: 13/13
  2686 | D        | Reached skill level 24 in Unarmed Combat
  2687 | D        | Killed a stone giant
  2688 | D        | Noticed an ice dragon
  2691 | D        | Killed from afar by a vampire mage

Illustrated notes

Levels and vault maps discovered:
D:        linesprint [early_d, line_temple, items_1, d_10, items_2, lair_1,
          lair_end, items_3, orc_1, orc_end, items_4, d_15, swamp_1, shoals_1,
          snake_1, spider_1, d_20, vaults_1, items_5, swamp_end, shoals_end,
          snake_end, spider_end, vaults_end, d_27, items_6, zot_1, zot_end,
          crypt_end, forest_end, elf_end, slime_end, tomb_end, abyss_end,
          pan_hell_end]

Skill      XL: |  1  2  3  4  5  6  7  8  9 10 11 12 13 |
---------------+----------------------------------------+-----
Unarmed Combat | 4 5 6 9 10 13 14 15 18 21 23 24 | 24.3
Dodging        | 3 4 5 6 8 9 10 | 10.5
Shapeshifting  | 4 6 7 8 10 11 12 13 14 | 14.3
Fighting       | 2 3 5 6 8 9 11 | 11.6
Stealth        | 1 2 3 4 7 12 | 12.8
Evocations     | 1 |  1.0

Action                     |  1- 3 |  4- 6 |  7- 9 | 10-12 | 13-15 || total
---------------------------+-------+-------+-------+-------+-------++-------
  Melee: Unarmed           |    20 |    17 |     5 |   210 |     6 ||   258
         Constrict         |     5 |     3 |       |    37 |     2 ||    47
         Tentacles         |     3 |     4 |       |    66 |     2 ||    75
         Punch             |       |     4 |       |    34 |     1 ||    39
 Invoke: Call Merchant     |       |       |       |     2 |       ||     2
         Potion Petition   |       |       |       |     2 |       ||     2
  Evoke: Wand              |       |     2 |     8 |       |       ||    10
    Use: Potion            |     1 |     1 |       |    15 |       ||    17
         Scroll            |       |       |       |     2 |       ||     2
   Stab: Distracted        |       |       |       |     2 |       ||     2
         Invisible         |       |       |       |    15 |       ||    15
         Sleeping          |       |       |       |     5 |       ||     5
 Armour: Skin              |    12 |     8 |     1 |    50 |     4 ||    75
  Dodge: Dodged            |    14 |    14 |     2 |    68 |       ||    98
   Form: Beast             |       |       |       |     1 |       ||     1
         Flux              |       |       |       |     1 |       ||     1

Table legend: (Time is in decaauts)
 A = Elapsed time spent in this place.
 B = Non-inter-level travel time spent in this place.
 C = Inter-level travel time spent in this place.
 D = Time resting spent in this place.
 E = Time spent auto-exploring this place.
 F = Levels seen in this place.
 G = Mean time per level.
                   A        B        C        D        E       F      G
               +--------+--------+--------+--------+--------+-----+--------+
         Total |   2576 |   2576 |      0 |   1648 |      0 |   1 | 2576.0 |
       Dungeon |   2576 |   2576 |      0 |   1648 |      0 |   1 | 2576.0 |
               +--------+--------+--------+--------+--------+-----+--------+

Top non-repeatable levels by time:
       D: 2576 daAuts
